 Dungeon Crawl Stone Soup version 0.19.0-20-gbc5f0c6 (webtiles) character file.

5142 KarmaPolice the Infuser (level 10, -6/74 HPs)
             Began as a Vampire Skald on Nov 17, 2016.
             Was a Believer of Kikubaaqudgha.
             Mangled by a wolf (10 damage)
             ... led by Grum
             ... on level 7 of the Dungeon.
             The game lasted 00:43:29 (15140 turns).

KarmaPolice the Infuser (Vampire Skald)            Turns: 15140, Time: 00:43:29

Health: -6/74      AC:  6    Str: 11    XL:     10   Next: 33%
Magic:  10/16      EV: 11    Int: 15    God:    Kikubaaqudgha [**....]
Gold:   677        SH:  0    Dex: 17    Spells: 4 memorised, 9 levels left

rFire  . . .     SeeInvis +     i - +0 rapier (drain)
rCold  + . .     Gourm    .     b - +0 leather armour
rNeg   + + .     Faith    .     (no shield)
rPois  +         Spirit   .     H - +1 hat
rElec  .         Reflect  .     f - +0 cloak
rCorr  .         Harm     .     (no gloves)
MR     +....                    x - +0 pair of boots
Stlth  ++........               D - amulet of magic regeneration
                                (no ring)
                                (no ring)

@: infused, singing, regenerating
A: fangs 3, see invisible, unbreathing
a: Bat Form, Receive Corpses, Renounce Religion, Stop Singing


You were on level 7 of the Dungeon.
You worshipped Kikubaaqudgha.
Kikubaaqudgha was pleased with you.
You were near bloodless.

You visited 2 branches of the dungeon, and saw 11 of its levels.

You collected 677 gold pieces.

Inventory:

Hand Weapons
 a - a +0 falchion
 i - a +0 rapier of draining (weapon)
 o - a +2 scimitar of flaming
 u - a +0 blowgun
Missiles
 t - 15 poisoned needles
Armour
 b - a +0 leather armour (worn)
 f - a +0 cloak (worn)
 n - a cursed +0 chain mail
 x - a +0 pair of boots (worn)
 H - a +1 hat (worn)
Jewellery
 D - an amulet of magic regeneration (around neck)
Wands
 l - a wand of paralysis (9/24)
 p - a wand of lightning (0/15)
 B - a wand of flame (12/48)
Scrolls
 e - a scroll of teleportation
 j - 5 scrolls of enchant armour
 k - a scroll of amnesia {unknown}
 v - 2 scrolls of immolation {unknown}
 w - 5 scrolls of remove curse
 E - 2 scrolls of recharging
 G - 2 scrolls of fog {unknown}
 J - a scroll of identify
Potions
 d - 3 potions of blood
 h - 3 potions of haste {unknown}
 m - 2 potions of cure mutation
 q - 2 potions of flight {unknown}
 r - 7 potions of curing {unknown}
 s - a potion of berserk rage {unknown}
 z - 3 potions of agility {unknown}
 A - a potion of brilliance {unknown}
 I - a potion of might
Books
 c - a book of Battle

   Spells                             Type                      Level
   a - Infusion                       Charms                       1
   b - Shroud of Golubria             Charms/Translocation         2
   c - Song of Slaying                Charms                       2
   d - Spectral Weapon                Hexes/Charms                 3
   e - Regeneration                   Charms/Necromancy            3
 g - Kikubaaqudgha's Almanac of Black Rites
   (Kikubaaqudgha gifted it to you on level 5 of the Dungeon)

   Spells                             Type                      Level
   a - Pain                           Necromancy                   1
   b - Corpse Rot                     Necromancy                   2
   c - Sublimation of Blood           Necromancy                   2
   d - Vampiric Draining              Necromancy                   3
   e - Control Undead                 Necromancy                   4
 F - a book of Cantrips

   Spells                             Type                      Level
   a - Confusing Touch                Hexes                        1
   b - Animate Skeleton               Necromancy                   1
   c - Summon Small Mammal            Summoning                    1
   d - Apportation                    Translocation                1


   Skills:
 - Level 5.1 Fighting
 + Level 7.1(7.8) Short Blades
 - Level 4.1(5.9) Long Blades
 - Level 4.0 Armour
 - Level 1.1 Dodging
 + Level 4.0 Spellcasting
 + Level 9.1 Charms
 + Level 7.6 Necromancy


You had 9 spell levels left.
You knew the following spells:

 Your Spells              Type           Power        Failure   Level  Hunger
a - Infusion              Chrm           ####         1%          1    None
b - Shroud of Golubria    Chrm/Tloc      ###.......   6%          2    ##.....
c - Song of Slaying       Chrm           ####....     1%          2    ##.....
d - Regeneration          Chrm/Necr      ####......   2%          3    ###....


Dungeon Overview and Level Annotations

Branches:
Dungeon (10/15)            Temple (1/1) D:4
   Lair: D:8-11         Orc: D:9-12

Altars:
Ashenzari
Cheibriados
Dithmenos
Elyvilon
Fedhas
Gozag
Hepliaklqana
Kikubaaqudgha
Makhleb
Nemelex Xobeh
Okawaru
Qazlal
Ru
Sif Muna
Trog
Uskayaw
Vehumet
Xom
Yredelemnul
Zin
The Shining One

Shops:
D:7 }

Annotations:
D:4 Haldmier's ghost, amateur HOMo
D:8 Grum
D:10 1 runed door


Innate Abilities, Weirdness & Mutations

You heal slowly.
You have razor-sharp teeth.
You have supernaturally acute eyesight. (SInv)
You can survive without breathing.


Message History

The wolf is severely wounded.
The wolf bites you!
* * * LOW HITPOINT WARNING * * *
The wolf barely misses you.
Okay, then.
Evoke which item? (* to show all) (? for menu, Esc to quit)
Zapping:
p - a wand of lightning {zapped: 9} (will waste charges)
Press: ? - help, Shift-Dir - straight line, f - wolf
Aim: a wolf (severely wounded) Nothing appears to happen.
The wolf bites you.
* * * LOW HITPOINT WARNING * * *
Evoke which item? (* to show all) (? for menu, Esc to quit)
Zapping:
l - a wand of paralysis {zapped: 2} (will waste charges)
Press: ? - help, Shift-Dir - straight line, f/p - wolf
Aim: a wolf (severely wounded, chance to defeat MR: 46%)
The wolf resists with some effort.
Evoking this partially-identified wand wasted a few charges.
The wolf bites you!
You die...
Kikubaaqudgha rasps: "You have failed me!
Welcome... oblivion!"

.............(...# ##.#.##
.##.####.######.######.###.##
.##.# #.# #..........##.#
..#.# #.# ########.#.#.##
....# #.# ##...## ....# #.#
##.## ...#####.## #.#
..........# ###########.##
.#####.#..# #..@h........#
......#...# #.#########..#
.#####.#..# #.# #..#####
..........# #.# #......#
.#####.##.# #.# ##.###.# ##
#.##.# #.# #.# #.#
######.##.####.# #.###.##
...............######
#......#
.#####.....##.......#
#####..#


You could see a wolf.

Vanquished Creatures
  Erica (D:8)
  A centaur zombie (D:7)
  A hungry ghost (D:8)
  Duvessa (D:4)
  A black bear (D:7)
  An orc warrior (D:6)
  5 ice beasts
  A hornet zombie (D:6)
  A phantom (D:7)
  5 ogres
  A wolf (D:8)
  5 centaurs
  5 bullfrogs
  Dowan (D:4)
  7 killer bees
  3 wights (D:8)
  A howler monkey (D:5)
  3 crimson imps
  6 hounds
  A bullfrog zombie (D:7)
  Crazy Yiuf (D:3)
  An orc priest (D:3)
  3 bullfrog skeletons
  2 jellies
  4 orc wizards
  A centaur skeleton (D:8)
  An iguana (D:4)
  Ijyb (D:3)
  6 worker ants
  2 hound zombies
  A hound skeleton (D:7)
  Robin (D:3)
  A howler monkey skeleton (D:6)
  9 gnolls
  A river rat (D:10)
  11 adders
  6 shadow imps
  An ooze (D:1)
  2 worms
  2 dart slugs
  4 leopard geckos
  17 orcs
  2 ball pythons
  A giant cockroach (D:3)
  15 goblins
  10 hobgoblins
  18 jackals
  4 quokkas
  13 bats
  7 frilled lizards
  8 kobolds
  2 leopard gecko skeletons
  10 rats
219 creatures vanquished.

Vanquished Creatures (others)
  A fungus (D:10)
  A plant (D:10)
2 creatures vanquished.

Grand Total: 221 creatures vanquished

Notes
Turn   | Place    | Note
-------+----------+-------------------------------------------
     0 | D:1      | KarmaPolice the Vampire Skald began the quest for the Orb.
     0 | D:1      | Reached XP level 1. HP: 16/16 MP: 3/3
   157 | D:1      | Reached XP level 2. HP: 11/22 MP: 5/5
   161 | D:1      | Learned a level 2 spell: Shroud of Golubria
   164 | D:1      | Learned a level 2 spell: Song of Slaying
   735 | D:1      | You fall through a shaft!
  1037 | D:2      | Reached XP level 3. HP: 23/27 MP: 6/6
  1301 | D:2      | Reached skill level 4 in Charms
  1547 | D:2      | Reached XP level 4. HP: 6/34 MP: 0/7
  1571 | D:2      | Learned a level 3 spell: Regeneration
  2530 | D:3      | Noticed Robin
  2805 | D:3      | Killed Robin
  2897 | D:3      | Found a runed door.
  3381 | D:3      | Noticed Ijyb
  3416 | D:3      | Killed Ijyb
  3416 | D:3      | Reached XP level 5. HP: 34/40 MP: 4/9
  3678 | D:4      | Noticed Haldmier's ghost (amateur HOMo)
  4196 | D:3      | Noticed Crazy Yiuf
  4242 | D:3      | Killed Crazy Yiuf
  4896 | D:4      | Reached skill level 1 in Necromancy
  4962 | D:4      | Reached XP level 6. HP: 44/47 MP: 0/10
  5099 | D:5      | Entered Level 5 of the Dungeon
  5310 | D:4      | Found a staircase to the Ecumenical Temple.
  5323 | Temple   | Entered the Ecumenical Temple
  5512 | Temple   | Became a worshipper of Kikubaaqudgha
  5688 | D:4      | Reached skill level 5 in Charms
  6714 | D:5      | Found a white marble altar of Elyvilon.
  6714 | D:5      | Noticed Duvessa
  6727 | D:5      | Noticed Dowan
  6756 | D:4      | Killed Duvessa
  6756 | D:4      | Reached XP level 7. HP: 21/52 MP: 2/11
  6758 | D:4      | Killed Dowan
  7092 | D:5      | Found Xedghisk's Book Shoppe.
  7492 | D:5      | Reached skill level 1 in Short Blades
  7708 | D:5      | Reached skill level 6 in Charms
  7942 | D:5      | Reached XP level 8. HP: 43/60 MP: 10/12
  8044 | D:5      | Reached * piety under Kikubaaqudgha
  8044 | D:5      | Identified Kikubaaqudgha's Almanac of Black Rites (Kikubaaqudgha gifted it to you on level 5 of the Dungeon)
  8044 | D:5      | Received a gift from Kikubaaqudgha
  8421 | D:6      | Found a shattered altar of Ashenzari.
  8778 | D:6      | Found a faded altar of an unknown god.
  8778 | D:6      | Found a blossoming altar of Fedhas.
  8784 | D:6      | Found a faded altar of an unknown god.
  8792 | D:6      | Found a faded altar of an unknown god.
  8793 | D:6      | Found a faded altar of an unknown god.
  9133 | D:7      | Reached skill level 5 in Fighting
  9526 | D:7      | Reached skill level 1 in Armour
  9563 | D:7      | Reached skill level 7 in Charms
  9815 | D:7      | HP: 2/62 [ogre/giant club (16)]
  9817 | D:7      | Reached skill level 5 in Necromancy
 10631 | D:6      | Reached XP level 9. HP: 59/68 MP: 11/13
 10746 | D:6      | Reached skill level 5 in Short Blades
 11046 | D:7      | Found Waongu's Gadget Boutique.
 11953 | D:7      | Reached skill level 8 in Charms
 12351 | D:8      | You are sucked into a shaft!
 12435 | D:9      | Found a sparkling altar of Nemelex Xobeh.
 12545 | D:8      | Reached ** piety under Kikubaaqudgha
 12761 | D:8      | Noticed Erica
 12806 | D:8      | You fall through a shaft for 2 floors!
 12806 | D:10     | Entered Level 10 of the Dungeon
 12806 | D:10     | Found a sacrificial altar of Ru.
 12806 | D:10     | Noticed a hill giant
 12813 | D:10     | Found a runed door.
 12822 | D:10     | Found a burning altar of Makhleb.
 12826 | D:10     | Found a shadowy altar of Dithmenos.
 13068 | D:10     | Noticed a troll
 13479 | D:8      | Reached XP level 10. HP: 66/74 MP: 6/14
 13571 | D:8      | Noticed Grum
 13599 | D:8      | HP: 1/74 [wight/enchanted trident (7)]
 13985 | D:8      | Found a glowing golden altar of the Shining One.
 14002 | D:8      | Found a sacrificial altar of Ru.
 14005 | D:8      | Found a radiant altar of Vehumet.
 14005 | D:8      | Found a shimmering altar of Xom.
 14016 | D:8      | Found a basalt altar of Yredelemnul.
 14514 | D:8      | Killed Erica
 14514 | D:8      | Reached skill level 9 in Charms
 15139 | D:7      | HP: 3/74 [wolf[Grum] (4)]
 15140 | D:7      | Mangled by a wolf

Skill      XL: |  1  2  3  4  5  6  7  8  9 10 |
---------------+-------------------------------+-----
Fighting       | 2 3 4 5 |  5.1
Charms         | 4 5 6 7 8 9 |  9.1
Long Blades    | 3 4 |  4.1
Spellcasting   | 3 4 |  4.0
Necromancy     | 1 2 3 5 7 |  7.6
Short Blades   | 2 4 6 7 |  7.1
Armour         | 1 4 |  4.0
Dodging        | |  1.1

Action                   |  1- 3 |  4- 6 |  7- 9 | 10-12 || total
-------------------------+-------+-------+-------+-------++-------
Melee: Falchion          |    94 |   161 |     5 |       ||   260
       Bite              |     8 |    26 |    66 |     8 ||   108
       Unarmed           |       |    58 |    63 |       ||   121
       Rapier            |       |       |   454 |    48 ||   502
       Scimitar          |       |       |       |    16 ||    16
 Fire: Blowgun           |       |    28 |    21 |    19 ||    68
 Cast: Infusion          |     7 |    23 |    36 |     8 ||    74
       Shroud of Golubri |     4 |     9 |    11 |     4 ||    28
       Song of Slaying   |       |     5 |     8 |     4 ||    17
       Regeneration      |       |       |    30 |    13 ||    43
 Abil: End Transformatio |     1 |    27 |    62 |    16 ||   106
       Bat Form          |     1 |    27 |    62 |    16 ||   106
Evoke: Wand              |       |       |     1 |     7 ||     8
  Use: Potion            |     1 |     5 |    17 |     4 ||    27
       Scroll            |       |     6 |     5 |     1 ||    12
 Stab: Sleeping          |     1 |     2 |     8 |       ||    11
       Distracted        |       |     1 |     2 |       ||     3
       Paralysed         |       |       |     2 |       ||     2
  Eat: Corpse            |     1 |     5 |     2 |       ||     8
Armor: Leather armour    |    25 |    61 |   139 |    12 ||   237
Dodge: Dodged            |    60 |   176 |   358 |    63 ||   657
       Rpst.: Falchion   |    14 |    46 |     4 |       ||    64
       Scimitar          |       |       |       |     1 ||     1
